[Event "*** SCC Grand Prix: Titled Tuesday Blitz"]
[Site "Chess.com"]
[Date "2020.08.25"]
[Round "9"]
[White "Kotofeyca"]
[Black "hellokostya"]
[Result "0-1"]
[WhiteElo "2337"]
[BlackElo "2471"]
[TimeControl "180+1"]
[EndTime "11:48:04 PDT"]
[Termination "hellokostya won by checkmate"]

1. d4 Nf6 2. c4 g6 3. f3 Bg7 4. e4 c5 5. dxc5 O-O 6. Be3 Na6 7. Nc3 b6 8. cxb6 axb6 9. Nge2 e6 10. Qd6 Ne8 11. Qxb6 Qxb6 12. Bxb6 Rb8 13. Bd8 Rxb2 14. Be7 Rxe2+ 15. Kxe2 Bxc3 16. Rc1 Bd4 17. Rd1 Bc5 18. Bxf8 Kxf8 19. g3 Nb4 20. a3 Nc6 21. Bg2 Ba6 22. Rc1 Nd6 23. Rhd1 Nxc4 24. Ke1 Nd4 25. Rc3 d5 26.
exd5 exd5 27. Bf1 Bb6 28. Rcd3 Nc2+ 29. Ke2 N4xa3 30. Kd2 Ba5+ 31. Kc1 Bxd3 32. Bxd3 Nb4 33. Bb1 Nc4 34. Rd4 Ke7 35. Bd3 Nxd3+ 36. Rxd3 Kd6 37. Kc2 Kc5 38. Rb3 Bb4 39. Kd3 Na3 40. f4 Nb5 41.
Rb1 Nd6 42. Rc1+ Nc4 43. Rd1 Nb2+ 44. Kc2 Nxd1 45. Kxd1 Kd4 46. Ke2 Ke4 47. Kd1 d4 48.
Ke2 d3+ 49. Kd1 Kf3 50. f5 gxf5 51. Kc1 Ke2 52. Kb2 d2 53. g4 d1=Q 54. gxf5 Qd3 55. f6 Qc3+ 56. Ka2 Ba3 57. Kb1 Qb2# 0-1

[Event "*** SCC Grand Prix: Titled Tuesday Blitz"]
[Site "Chess.com"]
[Date "2020.08.25"]
[Round "9"]
[White "BocharovD"]
[Black "Oleksandr_Bortnyk"]
[Result "0-1"]
[WhiteElo "2741"]
[BlackElo "2947"]
[TimeControl "180+1"]
[EndTime "11:48:08 PDT"]
[Termination "Oleksandr_Bortnyk won on time"]

1. d4 d6 2. Nf3 Nd7 3. c4 e5 4. Nc3 Ngf6 5. g3 g6 6. Bg2 Bg7 7. O-O O-O 8. e4 c6 9. Be3 Re8 10. h3 exd4 11. Nxd4 Nc5 12. Qc2 Nfd7 13. Rad1 a5 14.
b3 Qe7 15. Rfe1 Nf8 16. Qd2 Nfe6 17. Nde2 a4 18. b4 Nd7 19. f4 Nc7 20. Qxd6 Qxd6 21.
Rxd6 Bf8 22. c5 Bxd6 23. cxd6 Na6 24. a3 f6 25. Rd1 Nf8 26. g4 Be6 27. Kf2 Bb3 28. Rd2 Rad8 29. Bb6 Rd7 30. f5 g5 31. Ng3 h6 32. Bf1 Nb8 33. Kf3 Rf7 34. Nh5 Nbd7 35.
Bd4 b6 36. Kf2 Rb8 37. b5 c5 38. Be3 Ne5 39. Nd5 Bxd5 40. Rxd5 Nfd7 41. Bd2 Re8 42.
Bc3 Kf8 43. Be2 c4 44. Ke3 Rc8 45. Kd4 Ke8 46. Bd1 Ra8 47. Ke3 Kf8 48. Bb4 Nd3 49.
Bc3 N3c5 50. e5 fxe5 51. Be2 Rc8 52. Ng3 Nf6 53. Rxe5 Rd7 0-1

[Event "*** SCC Grand Prix: Titled Tuesday Blitz"]
[Site "Chess.com"]
[Date "2020.08.25"]
[Round "9"]
[White "1f3_2g41-0"]
[Black "Evgeny81"]
[Result "1-0"]
[WhiteElo "2451"]
[BlackElo "2650"]
[TimeControl "180+1"]
[EndTime "11:48:08 PDT"]
[Termination "1f3_2g41-0 won on time"]

1. e4 c5 2. Nf3 d6 3. d4 cxd4 4. Nxd4 Nf6 5. Nc3 g6 6. Be3 Bg7 7. f3 Nc6 8. Qd2 Bd7 9. Bc4 Rc8 10. Bb3 Ne5 11. O-O-O Nc4 12. Bxc4 Rxc4 13. Nde2 Qc7 14.
Kb1 b5 15. h4 b4 16. Nd5 Nxd5 17. exd5 h5 18. Bd4 Rxd4 19. Nxd4 O-O 20. g4 Rc8 21. gxh5 b3 22. Nxb3 Bf5 23. Rc1 Qc4 24. hxg6 fxg6 25. h5 Rb8 26. h6 Bf6 27. h7+ Kh8 28. Qa5 Bg5 29. Qxa7 Qc8 30. Rh2 Ra8 31. Qd4+ Bf6 32.
Qe3 Qa6 33. a3 Rb8 34. Ka2 Qc4 35. Qa7 Qc8 36. Qa4 Ra8 37. Qb4 Rb8 38. Qa5 Ra8 39.
Qb6 Be5 40. Rg2 Rb8 41. Qe3 Qc4 42. Qe2 Qa4 43. Qd2 Ra8 44. Rh1 Bxb2 45. Kxb2 Qxa3+ 46. Kc3 Ra4 47. Qe3 Qb4+ 48. Kb2 Qa3+ 49. Kc3 Qb4+ 50. Kb2 Qc4 51. Kb1 Ra3 52. Kb2 1-0

[Event "*** SCC Grand Prix: Titled Tuesday Blitz"]
[Site "Chess.com"]
[Date "2020.08.25"]
[Round "9"]
[White "maxip32"]
[Black "Morshynska"]
[Result "1-0"]
[WhiteElo "2405"]
[BlackElo "2178"]
[TimeControl "180+1"]
[EndTime "11:48:08 PDT"]
[Termination "maxip32 won on time"]

1. e4 c5 2. Nf3 d6 3. d4 cxd4 4. Nxd4 Nf6 5. Nc3 a6 6. Bg5 Nbd7 7. f4 h6 8. Bh4 e5 9. Nf5 exf4 10. Nxd6+ Bxd6 11. Qxd6 g5 12. Bf2 Qe7 13. Qxe7+ Kxe7 14. O-O-O b5 15. Bd4 Re8 16. Bd3 Bb7 17. h4 Rac8 18.
hxg5 hxg5 19. a3 Ng4 20. Rh7 Nde5 21. Be2 Ke6 22. Bf3 Rc7 23. Nd5 Bxd5 24. exd5+ Kd6 25. Bxe5+ Nxe5 26. Rh6+ Kd7 27. Be4 Nc4 28. Bf5+ Kd8 29. Rxa6 Re2 30. d6 Nxd6 31. Raxd6+ Ke7 32. R6d2 Re5 33. Rd7+ Rxd7 34. Bxd7 Kf6 35. Bc6 Rc5 36. Bf3 Kg6 37.
Rd6+ f6 38. Kd2 Kf7 39. b3 f5 40. a4 bxa4 41. bxa4 g4 42. Bd5+ Ke7 43. Re6+ Kd7 44. c4 Ra5 45. Rf6 f3 46. gxf3 gxf3 47. Rxf5 Kd6 48.
Rxf3 Rxa4 49. Rf6+ Kc5 50. Rc6+ Kd4 51. Kc2 Ra3 52. Kb2 Rg3 53. Rc8 Rh3 54. Be6 Re3 55. Bg8 Re2+ 56. Kb3 Rg2 57. c5 Rg3+ 58. Kb4 1-0

[Event "*** SCC Grand Prix: Titled Tuesday Blitz"]
[Site "Chess.com"]
[Date "2020.08.25"]
[Round "9"]
[White "ChessicallyInclined"]
[Black "ChelsieMonica"]
[Result "1/2-1/2"]
[WhiteElo "2509"]
[BlackElo "2400"]
[TimeControl "180+1"]
[EndTime "11:48:10 PDT"]
[Termination "Game drawn - insufficient material"]

1. d4 Nf6 2. c4 e6 3. Nc3 Bb4 4. e3 Bxc3+ 5. bxc3 O-O 6. Bd3 Re8 7. e4 d5 8. e5 Ne4 9. Qc2 f5 10. exf6 Nxf6 11.
Nf3 c5 12. O-O cxd4 13. cxd4 Nc6 14. Bg5 Nb4 15. Qc3 Nxd3 16. Qxd3 dxc4 17. Qxc4 Qd5 18. Qb4 b6 19. Bxf6 gxf6 20. Rac1 Bb7 21. Rc7 Rac8 22.
Rfc1 Rxc7 23. Rxc7 Rc8 24. Qe7 Rxc7 25. Qxc7 e5 26.
h3 exd4 27. Qb8+ Kg7 28. Qg3+ Kf7 29. Qc7+ Ke6 30. Qxh7 d3 31. Qh6 Qxa2 32. Qe3+ Kf7 33. Qxd3 Qd5 34. Qh7+ Ke6 35. Qg8+ Kd6 36. Qb8+ Kc6 37.
Qxa7 Qd1+ 38. Kh2 Qd6+ 39. g3 Kc7 40. Nh4 Qd1 41. f3 Qe2+ 42. Kg1 Qe5 43. Kf2 Qb2+ 44. Kg1 f5 45. Ng2 Qe2 46. Qa4 Qxf3 47. Qf4+ Qxf4 48. Nxf4 Be4 49. h4 Kd6 50. h5 Ke7 51. Kf2 Kf6 52. Ke3 Kg5 53. Kd4 b5 54. Kc5 Bf3 55. Kxb5 Bxh5 56.
Kc5 Bf7 57. Kd4 Kg4 58. Ne2 Kf3 59. Nc3 Kxg3 60. Ke5 Bg6 61. Ne2+ Kg4 62. Nf4 Bh7 63. Ne6 Bg8 64. Nf4 Bf7 65. Ne2 Bc4 66. Nf4 Bb5 67.
Ne6 Ba6 68. Nf4 Bc4 69. Ng6 Kg5 70. Nf4 Kg4 71. Ng2 Bd3 72. Nf4 Be4 73. Ne6 Kf3 74.
Ng5+ Ke3 75. Ne6 Bb1 76. Nf4 Bc2 77. Ne6 Kf3 78. Nd4+ Kg4 79. Nxc2 f4 80. Ke4 f3 81. Ke3 Kg3 82. Nd4 f2 83. Ne2+ Kg2 84.
Nf4+ Kg1 85. Nh3+ Kf1 86. Nxf2 1/2-1/2

[Event "*** SCC Grand Prix: Titled Tuesday Blitz"]
[Site "Chess.com"]
[Date "2020.08.25"]
[Round "9"]
[White "AlexeiShirov"]
[Black "vinniethepooh"]
[Result "1/2-1/2"]
[WhiteElo "2739"]
[BlackElo "2680"]
[TimeControl "180+1"]
[EndTime "11:48:11 PDT"]
[Termination "Game drawn - insufficient material"]

1. e4 c5 2. Nf3 d6 3. d4 cxd4 4. Nxd4 Nf6 5. Nc3 a6 6. h3 e6 7.
g4 d5 8. exd5 Nxd5 9. Nde2 Nc6 10.
Bg2 Nxc3 11. Qxd8+ Nxd8 12. Nxc3 Bd7 13. Be3 Bc6 14.
Bxc6+ Nxc6 15. O-O-O Be7 16. Ne4 Rd8 17. c4 f5 18.
gxf5 exf5 19. Nc3 O-O 20. Nd5 Bd6 21. c5 Bb8 22. Bg5 Rde8 23. Rhe1 Ne5 24. Kc2 Nf3 25.
Rxe8 Rxe8 26. Be3 Kf7 27. b4 g5 28. Nc3 f4 29. Bc1 Be5 30. a4 Nd4+ 31. Kd3 Nc6 32.
Kc4 Bxc3 33. Kxc3 Re4 34. b5 axb5 35. axb5 Na7 36. Rd7+ Re7 37. Rxe7+ Kxe7 38. Kc4 Kd7 39. Bb2 h5 40. f3 Nc8 41. Bf6 g4 42. hxg4 hxg4 43.
fxg4 f3 44. Kd3 Ke6 45. Bd8 Kd5 46. g5 Ke6 47. g6 Na7 48. b6 Nc6 49. Ke3 Nxd8 50.
Kxf3 Kf6 51. Ke4 Kxg6 52. Kd5 Kf7 53. Kd6 Ke8 54. Kc7 Ke7 55. c6 bxc6 56. b7 Nxb7 57. Kxc6 1/2-1/2

[Event "*** SCC Grand Prix: Titled Tuesday Blitz"]
[Site "Chess.com"]
[Date "2020.08.25"]
[Round "9"]
[White "HrvojeZagreb"]
[Black "zmeeed67"]
[Result "1/2-1/2"]
[WhiteElo "2174"]
[BlackElo "2398"]
[TimeControl "180+1"]
[EndTime "11:48:11 PDT"]
[Termination "Game drawn - insufficient material"]

1. d4 Nc6 2. Bf4 d6 3. Nf3 Bg4 4. Nbd2 e6 5. h3 Bh5 6. g4 Bg6 7. Bg2 h6 8. O-O Nf6 9. Re1 Ne4 10. Nxe4 Bxe4 11. c3 Be7 12. Qb3 Rb8 13. Bg3 O-O 14. Nd2 Bxg2 15. Kxg2 a6 16. e4 e5 17. d5 Na7 18. f4 exf4 19. Bxf4 Bg5 20. Rf1 Nc8 21. c4 Bxf4 22. Rxf4 Ne7 23. Raf1 Ng6 24. R4f2 Qe7 25. Qg3 Rbe8 26. Kh1 Qe5 27. Qxe5 Rxe5 28. b3 Re7 29. Kg2 Rfe8 30. Kg3 Ne5 31. h4 Nd3 32. Rf5 Nc5 33. R1f4 f6 34. g5 hxg5 35. hxg5 Nxe4+ 36. Nxe4 Rxe4 37. gxf6 gxf6 38. Rxf6 Rxf4 39. Kxf4 Re2 40. Re6 Rxa2 41.
Re7 Rb2 42. Rxc7 Rxb3 43. Kf5 a5 44. Ke6 a4 45. Kxd6 a3 46. Rc8+ Kf7 47. Ra8 Rd3 48. c5 Kf6 49. Ra7 Kf5 50. Rxb7 Ke4 51. Ra7 Rxd5+ 52. Kc6 Rd3 53. Kc7 Kd4 54. c6 Rc3 55. Kd7 Kd3 56. c7 Kc2 57. c8=Q Rxc8 58. Kxc8 Kb2 59.
Rxa3 Kxa3 1/2-1/2

[Event "*** SCC Grand Prix: Titled Tuesday Blitz"]
[Site "Chess.com"]
[Date "2020.08.25"]
[Round "9"]
[White "SzMM19"]
[Black "Duong57"]
[Result "0-1"]
[WhiteElo "2513"]
[BlackElo "2385"]
[TimeControl "180+1"]
[EndTime "11:48:12 PDT"]
[Termination "Duong57 won by resignation"]

1. e4 c5 2. c4 Nc6 3. Nc3 e6 4.
g3 g6 5. Bg2 Bg7 6. Nge2 d6 7.
O-O Nge7 8. d3 O-O 9. Rb1 Rb8 10. a3 Nd4 11. b4 b6 12. Be3 Bb7 13. Qd2 Nec6 14.
Bh6 Nxe2+ 15. Nxe2 Nd4 16. Bxg7 Kxg7 17. Nxd4 cxd4 18. Qb2 e5 19. f4 f6 20. Rbc1 Qe7 21.
Rf2 Rbc8 22. Rfc2 Rc7 23. a4 Rfc8 24. Rf2 Bc6 25. Rcf1 Rf8 26. fxe5 dxe5 27. a5 Rb7 28.
b5 Bd7 29. a6 Rc7 30. h4 Be6 31. Kh2 Rf7 32. Qe2 Qd7 33. Bf3 Qe7 34. g4 Bc8 35. Kg3 Rd7 36. Bg2 Rd8 37. Bh3 Rdf8 38. Qd2 Qd6 39. Rf3 f5 40. gxf5 gxf5 41. Qe2 f4+ 42.
Kh2 Bxh3 43. Rxh3 Kh8 44. Qh5 Rg7 45. Rhf3 Rfg8 46. R1f2 Qf6 47. Kh3 Rg6 48. Kh2 Rh6 49.
Qf5 Rxh4+ 50. Rh3 Rxh3+ 51. Qxh3 Qg5 52. Qf3 Qg3+ 53. Kh1 Qh4+ 54. Rh2 Qe1+ 0-1

[Event "*** SCC Grand Prix: Titled Tuesday Blitz"]
[Site "Chess.com"]
[Date "2020.08.25"]
[Round "9"]
[White "binbin239"]
[Black "paulrusan"]
[Result "1/2-1/2"]
[WhiteElo "2558"]
[BlackElo "2228"]
[TimeControl "180+1"]
[EndTime "11:48:12 PDT"]
[Termination "Game drawn - timeout vs insufficient material"]

1. d4 Nf6 2. c4 g6 3. Nf3 Bg7 4. g3 O-O 5. Bg2 d6 6. O-O c6 7. Nc3 Bf5 8. Re1 Ne4 9. Nd2 Nxc3 10. bxc3 Qc8 11. Qb3 Rd8 12. e4 Be6 13. d5 Bd7 14. Ba3 Na6 15. Rac1 b6 16. Nf3 Nc5 17. Qc2 Qa6 18.
Bxc5 bxc5 19. e5 Qxc4 20. exd6 exd6 21. Nd2 Qa6 22. c4 Rab8 23. Nb3 cxd5 24. Bxd5 Bc6 25. Rcd1 Bxd5 26. Rxd5 Qb6 27. Qd2 h5 28. Qf4 Be5 29.
Qf3 a5 30. Nxc5 dxc5 31. Rdxe5 Kg7 32. Re7 Qf6 33. Qe3 Rb2 34. Qxc5 Rdd2 35. Rf1 Rxa2 36. Ra7 a4 37. Qe3 Re2 38. Qf4 Qxf4 39. gxf4 Re4 40. c5 Rxf4 41. c6 Rc4 42. c7 Rac2 43. Ra1 Rxc7 44. R1xa4 Rxa7 45. Rxa7 g5 46. Kg2 h4 47. h3 Rc3 48. Ra6 f6 49. Ra5 Kg6 50. Ra8 f5 51. Ra6+ Kg7 52. Rb6 Rd3 53. Rc6 Rb3 54. Re6 Rc3 55. Re5 Kf6 56. Ra5 g4 57. hxg4 fxg4 58. Kh2 h3 59. Kg1 Rf3 60. Rb5 g3 61. fxg3 Rxg3+ 62. Kh2 Rf3 63. Ra5 Kg6 64. Ra6+ Kg5 65. Ra5+ Kg6 66. Ra2 Kh6 67. Ra8 Kg6 68. Rg8+ Kh7 69. Rg5 Kh6 70. Rg4 Kh5 71.
Rg8 Kh6 72. Rg3 Rxg3 73. Kxg3 1/2-1/2

[Event "*** SCC Grand Prix: Titled Tuesday Blitz"]
[Site "Chess.com"]
[Date "2020.08.25"]
[Round "9"]
[White "K_A_S_T_O_R"]
[Black "Guenplen"]
[Result "1-0"]
[WhiteElo "2729"]
[BlackElo "2875"]
[TimeControl "180+1"]
[EndTime "11:48:14 PDT"]
[Termination "K_A_S_T_O_R won by resignation"]

1. e4 c5 2. Nf3 e6 3. d4 cxd4 4. Nxd4 Nf6 5. Nc3 Nc6 6. Ndb5 Bc5 7. Bf4 O-O 8. Bc7 Qe7 9. Bd6 Bxd6 10. Qxd6 Qd8 11.
O-O-O a6 12. Nd4 Na5 13. f3 b5 14. g4 Bb7 15. a3 Qb8 16. Qg3 Nc6 17. Nb3 b4 18.
axb4 Nxb4 19. g5 Nh5 20. Qxb8 Raxb8 21. Rxd7 Rfc8 22. Na5 Ba8 23. Nc4 Bc6 24. Rd6 Bb5 25. Nb6 Rc7 26. Nxb5 Rxc2+ 27. Kb1 axb5 28. Rd4 Nc6 29. Rd6 Rxb6 30. Kxc2 Nb4+ 31. Kb3 Rxd6 32. Kxb4 Rd1 33. Kxb5 Kf8 34. b4 Nf4 35. Kb6 Ke7 36. b5 Rb1 37. Kb7 e5 38. b6 h6 39. gxh6 gxh6 40.
Ka7 Ra1+ 41. Kb8 Rb1 42. b7 h5 43. Ka7 Ra1+ 44. Ba6 Rxh1 45. b8=Q Kf6 46. Qd8+ Kg6 47. Bc8 Ra1+ 48. Kb6 Rb1+ 49. Ka5 Ra1+ 50. Kb4 Rb1+ 51. Ka3 Rg1 52. Bf5+ Kg7 53. Qe7 Nd3 54. Be6 Ra1+ 55.
Kb3 Rb1+ 56. Kc2 Rb2+ 57. Kxd3 1-0

[Event "*** SCC Grand Prix: Titled Tuesday Blitz"]
[Site "Chess.com"]
[Date "2020.08.25"]
[Round "9"]
[White "poppy73"]
[Black "NiranjanNavalgund"]
[Result "0-1"]
[WhiteElo "2253"]
[BlackElo "2430"]
[TimeControl "180+1"]
[EndTime "11:48:14 PDT"]
[Termination "NiranjanNavalgund won by resignation"]

1. e4 g6 2. d4 Bg7 3. Nc3 d5 4. exd5 Nf6 5. Bc4 Nbd7 6. Bg5 Nb6 7. Bxf6 Bxf6 8. Bb3 O-O 9. Nf3 Bg4 10. O-O a5 11. a4 Bxf3 12. Qxf3 Bxd4 13. Rad1 Bg7 14. Rfe1 Qd7 15.
Ne4 Rab8 16. Nc5 Qd6 17. Ne4 Qd7 18. Nc5 Qd6 19. Ne4 Qb4 20. Ng5 h6 21. Nxf7 Rxf7 22. d6 Nc4 23. Qe4 Nxd6 24. Qxb4 axb4 25. Rxe7 Bf8 26. Rxc7 Kg7 27. Bxf7 Nxf7 28. Rdd7 g5 29. Rxf7+ Kg6 30. g3 Rd8 31. Rxb7 Bc5 32. Rfc7 Bd4 33. c3 bxc3 34. bxc3 Be5 35. Rc6+ Kf5 36. Kg2 g4 37.
Rf7+ Ke4 38. Re6 Kd5 39. Rfe7 Bxc3 40. Re4 h5 41. R4e6 Bd4 42. Re8 Rd7 43. R6e7 Rd6 44.
Rh7 Rf6 45. Rxh5+ Kc4 46. Rc8+ Kd3 47. f4 gxf3+ 48. Kf1 Re6 49. Rf5 Ke4 50. Rf4+ Ke3 51. Rcf8 Kd2 52. Rxf3 Re1+ 53. Kg2 Re2+ 54. Kh3 Bg1 55.
R3f4 Rxh2+ 56. Kg4 Be3 57. Rd8+ Ke2 58. Re4 Kf2 59.
Rxe3 Kxe3 60. a5 Ra2 61. Rd5 Ke4 62. Rb5 Ra3 63. Kh4 Kf3 64. g4 Ra4 65. Rf5+ Ke4 66. Kg5 Ke3 67. Kf6 Rxg4 68. a6 Ra4 69. Re5+ Kd4 70.
Re6 Kc5 71. Ke5 Kb5 72. Kd5 Ra1 73. Ke5 Re1+ 74. Kf5 Rf1+ 75. Ke5 Ra1 76. Kf5 Kc5 77. Ke5 Ra2 78. Kf5 Kd5 79. Re7 Kd6 80. Rd7+ Kxd7 81.
Ke5 Rxa6 82. Kd5 Rc6 0-1

[Event "*** SCC Grand Prix: Titled Tuesday Blitz"]
[Site "Chess.com"]
[Date "2020.08.25"]
[Round "9"]
[White "MVM2008"]
[Black "Makswolf200817"]
[Result "0-1"]
[WhiteElo "2228"]
[BlackElo "2385"]
[TimeControl "180+1"]
[EndTime "11:48:14 PDT"]
[Termination "Makswolf200817 won by checkmate"]

1. e4 e6 2. d4 d5 3. Nd2 c5 4. exd5 exd5 5. dxc5 Bxc5 6. Ngf3 Nf6 7. Be2 O-O 8. O-O h6 9. c3 Nc6 10. Nb3 Bd6 11.
h3 Re8 12. Nbd4 a6 13. Be3 Bd7 14. Bd3 Qc7 15. Qd2 Ne4 16. Qc1 Rac8 17. Nd2 f5 18. Nxe4 dxe4 19. Bc4+ Kh7 20. Bf7 Re7 21. Bd5 f4 22. Bd2 Nxd4 23. cxd4 Qb8 24. Qb1 Bf5 25. f3 Qa7 26. Bc3 Rce8 27. fxe4 Rxe4 28. Bxe4 Bxe4 29.
Qe1 b5 30. Qf2 Qf7 31. Rae1 Qd5 32. Bd2 g5 33. h4 Bf8 34. hxg5 hxg5 35. Qe2 Bg6 36. Qxe8 Bxe8 37. Rxe8 Qxd4+ 38. Kh1 Qxd2 39. Rxf8 Qxb2 40. Re1 Qxa2 41. Re7+ Kg6 42. Rfe8 b4 43. Re6+ Kf5 44. Re5+ Kg4 45. Re2 Qb1+ 46. Re1 Qh7+ 47.
Kg1 b3 48. R8e2 a5 49. Rf2 a4 50. Rf3 a3 51. Rh3 Qa7+ 52. Kh2 b2 53. Rb1 a2 54.
Rxb2 a1=Q 55. Rbb3 Q7g1# 0-1

[Event "*** SCC Grand Prix: Titled Tuesday Blitz"]
[Site "Chess.com"]
[Date "2020.08.25"]
[Round "9"]
[White "GOGIEFF"]
[Black "penguingm1"]
[Result "1-0"]
[WhiteElo "2869"]
[BlackElo "2978"]
[TimeControl "180+1"]
[EndTime "11:48:15 PDT"]
[Termination "GOGIEFF won by resignation"]

1. d4 d5 2. c4 e6 3. Nc3 Nf6 4. cxd5 exd5 5. Bg5 Be7 6. e3 c6 7. Bd3 Nbd7 8. Qc2 Nf8 9. Nf3 Ne6 10. Bh4 g6 11. h3 O-O 12. O-O Ng7 13. Ne5 Bf5 14. g4 Bxd3 15. Qxd3 Ne4 16. Bxe7 Qxe7 17. Nxe4 dxe4 18. Qa3 Qh4 19. Kg2 f6 20. Qb3+ Kh8 21.
Nf7+ Rxf7 22. Qxf7 f5 23. f3 Rg8 24. fxe4 fxg4 25. Rh1 Nh5 26. Qf2 gxh3+ 27. Rxh3 Qxe4+ 28. Kh2 Re8 29. Rf1 Qe6 30. Qf7 Qd6+ 31. Kg1 Rg8 32. Rff3 Qb4 33. Qe6 Qe1+ 34. Rf1 Qd2 35.
Kh1 Qe2 36. Qe5+ Ng7 37. Kg1 Qg4+ 38. Rg3 Qd7 39. Rf4 Re8 40. Qf6 Kg8 41. Rgf3 Ne6 42.
Re4 Ng7 43. Rxe8+ Qxe8 44. Qe5 Qd8 45. Qf6 Qe8 46. e4 Nh5 47. Qe5 Qd8 48. d5 cxd5 49. Qxd5+ Qxd5 50. exd5 Kg7 51. d6 Nf6 52. Re3 Kf8 53.
Re7 Ne8 54. Rxb7 Nxd6 55. Rxa7 h5 56. b4 h4 57. a4 g5 58. b5 Ke8 59. b6 Kd8 60. a5 Kc8 61. a6 Kb8 62. Rd7 Nc8 63. Rd8 1-0

[Event "*** SCC Grand Prix: Titled Tuesday Blitz"]
[Site "Chess.com"]
[Date "2020.08.25"]
[Round "9"]
[White "Borsuk_Konstantin"]
[Black "eCztery"]
[Result "1-0"]
[WhiteElo "2538"]
[BlackElo "2406"]
[TimeControl "180+1"]
[EndTime "11:48:15 PDT"]
[Termination "Borsuk_Konstantin won by checkmate"]

1. d4 c5 2. c4 cxd4 3. Qxd4 Nc6 4. Qd1 g6 5. Nf3 Bg7 6. g3 Nf6 7. Bg2 O-O 8. O-O d5 9. Nbd2 d4 10. a3 e5 11. Ne1 Be6 12. b4 Rc8 13. Bb2 Re8 14.
Rc1 a6 15. Nd3 Bf5 16. Nc5 Qe7 17. Qa4 e4 18. Ndb3 e3 19. f3 d3 20. Nxd3 Bxd3 21. exd3 e2 22. Rfe1 Qe3+ 23. Kh1 Ng4 24. fxg4 Bxb2 25.
Rc2 Bd4 26. Rcxe2 Qxe2 27. Rxe2 Rxe2 28. Bxc6 Ba7 29. Bxb7 Rce8 30. Be4 Re7 31. Nc5 f5 32. gxf5 gxf5 33. Bxf5 Rf2 34. Be4 Kg7 35. Qxa6 Ref7 36. Ne6+ Kh6 37. Nf4+ Kg7 38. c5 Bb8 39. Ne6+ Kh6 40.
Nf4+ Kg7 41. Qe6 Bxf4 42. gxf4 R7xf4 43. c6 Rf6 44. Qd7+ Rf7 45. Qg4+ Kh6 46. Qh4+ Kg7 47. Kg1 Rf1+ 48. Kg2 Rd1 49. Qg4+ Kh6 50. Qxd1 Rg7+ 51. Kh1 Rf7 52. Qc1+ Kh5 53. c7 h6 54. c8=Q Rg7 55. Qh3# 1-0

[Event "*** SCC Grand Prix: Titled Tuesday Blitz"]
[Site "Chess.com"]
[Date "2020.08.25"]
[Round "9"]
[White "VincentKeymer"]
[Black "LiemLe"]
[Result "0-1"]
[WhiteElo "2827"]
[BlackElo "2957"]
[TimeControl "180+1"]
[EndTime "11:48:17 PDT"]
[Termination "LiemLe won by checkmate"]

1. Nf3 d5 2. e3 Nf6 3. c4 e6 4.
Nc3 b6 5. cxd5 exd5 6. g3 Be7 7. Bg2 Ba6 8. b4 c6 9. b5 cxb5 10.
Nd4 b4 11. Qa4+ Qd7 12. Qxd7+ Nbxd7 13. Nxd5 Nxd5 14. Bxd5 Rc8 15. Nc6 Nf6 16. Bg2 Kd7 17. Ne5+ Ke8 18. Nc6 Kd7 19. Nd4 Rc5 20. a3 bxa3 21.
Bxa3 Ra5 22. Bb2 Rxa1+ 23. Bxa1 h5 24. Bc3 h4 25. Nc6 h3 26. Bf3 Rc8 27. Ne5+ Ke8 28. g4 Bb5 29. g5 Nd7 30. Bg4 Rc5 31. Nxd7 Bxd7 32. Bxd7+ Kxd7 33. f4 g6 34. Kf2 a5 35. Rb1 Kc6 36. Kg3 Rc4 37. Kxh3 a4 38.
Kg4 b5 39. Kf3 b4 40. Bd4 a3 41. Ke2 Kb5 42. Kd3 Rc6 43. Bc3 Ka4 44. Bd4 b3 45. h4 Bb4 46. e4 Rc2 47. f5 Rxd2+ 48. Kc4 a2 49. Ra1 Rxd4+ 50. Kxd4 Ka3 51. fxg6 fxg6 52. h5 b2 53. Rxa2+ Kxa2 54. hxg6 b1=Q 55. g7 Qb2+ 56.
Kc4 Qxg7 57. Kxb4 Qxg5 58. Kc4 Qe5 59. Kd3 Kb2 60. Ke3 Kc3 61. Ke2 Kd4 62. Kf2 Qxe4 63. Kg3 Ke3 64. Kh3 Qg6 65. Kh2 Kf2 66. Kh3 Qh5# 0-1

[Event "*** SCC Grand Prix: Titled Tuesday Blitz"]
[Site "Chess.com"]
[Date "2020.08.25"]
[Round "9"]
[White "Orest_Vovk"]
[Black "Schandenfreude"]
[Result "1-0"]
[WhiteElo "2399"]
[BlackElo "2483"]
[TimeControl "180+1"]
[EndTime "11:48:18 PDT"]
[Termination "Orest_Vovk won by resignation"]

1. h3 d5 2. e4 dxe4 3. Nc3 Nf6 4. Qe2 Qd4 5. g4 e6 6. Bg2 Nc6 7. a3 Qe5 8. Nxe4 Nxe4 9. Qxe4 Qxe4+ 10. Bxe4 Bd7 11.
Ne2 O-O-O 12. d3 f6 13. Be3 e5 14. O-O-O Bd6 15. f4 exf4 16. Bxf4 Ne5 17. Rdf1 Rde8 18. Ng3 g6 19. Bh6 Nf7 20. Bf4 Ne5 21. Rhg1 Re7 22.
Bh6 Rf7 23. Bd5 Re7 24. Rxf6 c6 25. Ne4 Bc7 26. Bb3 b6 27. Nd6+ Bxd6 28. Rxd6 Kc7 29.
Rf6 Rhe8 30. Bf4 Kb7 31. Kb1 Nf3 32. Rf1 Nd4 33. Bf7 Rf8 34. Bh6 Rd8 35. c3 Ne2 36.
d4 Ng3 37. R1f3 Ne4 38. R6f4 Nd2+ 39. Kc2 Nxf3 40. Rxf3 Be6 41. Bxe6 Rxe6 42. Rf7+ Ka6 43. Rxh7 Re2+ 44. Bd2 Rf8 45. Kd3 Rh2 46. b4 Rf3+ 47.
Be3 Rhxh3 48. Rxh3 Rxh3 49. c4 Rg3 50. g5 Rg4 51. a4 b5 52. axb5+ cxb5 53. c5 Kb7 54. d5 Rxb4 55. Bd4 a5 56. c6+ Kc7 57. Be5+ Kc8 58. d6 Rb1 59. d7+ Kd8 60. Bf6+ 1-0

[Event "*** SCC Grand Prix: Titled Tuesday Blitz"]
[Site "Chess.com"]
[Date "2020.08.25"]
[Round "9"]
[White "googlegoom"]
[Black "Maksimus1998"]
[Result "0-1"]
[WhiteElo "2455"]
[BlackElo "2603"]
[TimeControl "180+1"]
[EndTime "11:48:22 PDT"]
[Termination "Maksimus1998 won on time"]

1. Nf3 Nf6 2. b3 d5 3. Bb2 e6 4. e3 Be7 5. Be2 O-O 6. O-O b6 7. d4 Bb7 8. Nbd2 Ne4 9. Nxe4 dxe4 10. Nd2 Nd7 11. c4 c5 12. Qc2 f5 13. f3 Bg5 14.
f4 Bf6 15. dxc5 Nxc5 16. Rad1 Bxb2 17. Qxb2 Qe7 18. Nb1 a5 19. Nc3 Rfd8 20. Qc2 Kf7 21. a3 g6 22. Rxd8 Rxd8 23. Rd1 Rxd1+ 24. Qxd1 Bc6 25.
h3 Qf6 26. Qc2 h6 27. b4 axb4 28. axb4 Nd7 29. Qd2 Qe7 30. b5 Bb7 31. Na4 Ke8 32.
Qd4 Qb4 33. Nxb6 Nxb6 34. Qxb6 Qe1+ 35. Bf1 Bc8 36. Qd4 g5 37. Qh8+ Kd7 38. Qg7+ Kd8 39. Qf8+ Kd7 40. c5 Qxe3+ 41. Kh1 Qxf4 42. c6+ Kc7 43. Kg1 Qe3+ 44. Kh1 Qc1 45. Qe7+ Kb6 46. Qd8+ Kc5 47. Qf8+ Kd4 48. Qxc8 Qxf1+ 49. Kh2 Qf4+ 50. Kh1 e3 51. Qd7+ Ke4 52. Qxe6+ Kd3 53. Qd7+ Ke2 54. c7 Kf2 55. c8=Q e2 0-1

[Event "*** SCC Grand Prix: Titled Tuesday Blitz"]
[Site "Chess.com"]
[Date "2020.08.25"]
[Round "9"]
[White "Khazieva_Elza"]
[Black "AldokhinIvan"]
[Result "0-1"]
[WhiteElo "2416"]
[BlackElo "2540"]
[TimeControl "180+1"]
[EndTime "11:48:23 PDT"]
[Termination "AldokhinIvan won by resignation"]

1. e4 e6 2. d3 d5 3. Nd2 c5 4. Ngf3 Nc6 5. g3 g6 6. Bg2 Bg7 7. O-O Nge7 8. c3 b6 9. e5 Ba6 10. Qe2 O-O 11. Re1 Qc7 12. h4 h6 13. Nf1 Rae8 14. N1h2 d4 15. c4 Bb7 16. Bf4 Nb8 17. Ng4 Nf5 18. Nf6+ Bxf6 19. exf6 Qd8 20. Ne5 Bxg2 21. Kxg2 Qxf6 22. Ng4 Qg7 23. Be5 f6 24. Bxb8 Qb7+ 25. Qe4 Qxb8 26. Nxh6+ Kg7 27. Nxf5+ gxf5 28. Qf3 Rh8 29. Re2 Qc8 30. Rae1 e5 31. Qd5 f4 32. Qf3 fxg3 33. fxg3 Qd7 34. Rf1 Rh6 35. Ref2 Rg8 36.
Qe4 Rf8 37. Kh2 Rg6 38. h5 Rg4 39. Qf3 Rg5 40. Kg2 Rf7 41. Kh2 Qe6 42. g4 Qxg4 43.
Qxg4 Rxg4 44. Rg2 Rxg2+ 45. Kxg2 Kh6 46. Kf3 Kxh5 47. Ke4 Kg4 48. Rg1+ Kh3 49. Kf5 Kh2 50. Rg6 Rf8 51. Rg7 a6 52. Rb7 b5 53. cxb5 c4 54. dxc4 Rd8 55. Re7 d3 56. b6 d2 0-1

[Event "*** SCC Grand Prix: Titled Tuesday Blitz"]
[Site "Chess.com"]
[Date "2020.08.25"]
[Round "9"]
[White "albi1999"]
[Black "RaunakSadhwani2005"]
[Result "1-0"]
[WhiteElo "2588"]
[BlackElo "2854"]
[TimeControl "180+1"]
[EndTime "11:48:24 PDT"]
[Termination "albi1999 won by checkmate"]

1. d4 f5 2. g3 Nf6 3. Bg2 g6 4. Nf3 Bg7 5. O-O O-O 6. b3 b6 7. Ne5 Ne4 8. Nd2 Bb7 9. Nxe4 fxe4 10. Bb2 d6 11. Nc4 e6 12. e3 Nd7 13. Qg4 Qe7 14. Nd2 Nf6 15. Qe2 Rf7 16. f3 exf3 17. Bxf3 Bxf3 18.
Rxf3 Raf8 19. Raf1 h6 20. Qd3 Kh7 21. Kg2 Nd7 22.
Rxf7 Rxf7 23. Rxf7 Qxf7 24. Qc4 c5 25. Qd3 d5 26. c4 cxd4 27. exd4 Nf6 28. Qe2 Qd7 29. Nf3 Ne4 30. cxd5 exd5 31. Ne5 Qc7 32. Nf3 h5 33. Qd3 Bh6 34. Ne5 Bg5 35. Nf3 Bf6 36. Ne5 Kg7 37.
Nf3 Kh7 38. Ne5 Kg7 39. Nf3 Qd7 40. Ne5 Qc8 41. Nf3 h4 42. Ne5 h3+ 43. Kg1 Qf5 44. Qf3 Qc8 45. Qe2 a5 46. a4 Bg5 47. Qg4 Be3+ 48.
Kf1 Qa6+ 49. Ke1 Bf2+ 50. Kd1 Qf1+ 51. Kc2 Nf6 52. Qe6 Qe2+ 53. Kb1 Qd1+ 54. Ka2 Bxd4 55.
Qf7+ Kh6 56. Qxg6# 1-0